 Dungeon Crawl Stone Soup version 0.30-a0-916-g9813417 (webtiles) character file.

Game seed: 12084737611711061516

13 BIGROY the Trooper (level 2, -4/19 HPs)
             Began as a Gargoyle Fighter on Apr 18, 2023.
             Frozen to death by an endoplasm (7 damage)
             ... on level 1 of the Dungeon.
             The game lasted 00:01:48 (373 turns).

BIGROY the Trooper (Gargoyle Fighter)                Turns: 373, Time: 00:01:49

Health: -4/19      AC: 13    Str: 19    XL:     2   Next: 37%
Magic:  2/2        EV:  8    Int:  8    God:
Gold:   24         SH:  4    Dex:  9    Spells: 1/1 levels left

rFire   + + +      SeeInvis .    a - +0 war axe
rCold   x . .      Faith    .    c - +0 buckler
rNeg    + . .      Spirit   .    k - +0 fire dragon scales
rPois   ∞          Reflect  .    j - +0 helmet
rElec   +          Rampage  .    (no cloak)
rCorr   .                        (no gloves)
Will    .....                    (no boots) Stlth
                                 (no amulet)
HPRegen 0.23/turn                g - ring of protection from fire
MPRegen 0.08/turn                (no ring)

@: no status effects
A: sickness immunity, AC +2, negative energy resistance 1, electricity
resistance, torment resistance 1, petrification resistance
a: no special abilities


You were on level 1 of the Dungeon.
You visited 1 branch of the dungeon, and saw 1 of its levels.

You collected 24 gold pieces.

Inventory:

Hand Weapons
 a - a +0 war axe (weapon)
Armour
 c - a +0 buckler (worn)
 j - a +0 helmet (worn)
 k - +0 fire dragon scales (worn)
Jewellery
 g - a ring of protection from fire (left hand)
Scrolls
 e - a scroll of butterflies {unknown}
 f - a scroll of identify {unknown}
 h - 2 scrolls of immolation {unknown}
 i - a scroll of fear {unknown}
Potions
 d - a potion of might


   Skills:
 + Level 3.5 Fighting
 * Level 2.0 Axes
 + Level 3.5 Armour
 + Level 0.0 Dodging
 + Level 3.4 Shields


You had one spell level left.
You didn't know any spells.
Your spell library was empty.

Dungeon Overview and Level Annotations

Branches:
Dungeon (1/15)

Altars:


Innate Abilities, Weirdness & Mutations

You are immune to sickness and miasma.
Your stone body is resilient. (AC +2)
You are immune to poison.
You resist negative energy. (rN+)
You are resistant to electric shocks. (rElec)
You are resistant to unholy torment.
You are immune to petrification.


Message History

You kill the goblin!
No target in view!
No target in view!
A frilled lizard comes into view.
The frilled lizard hisses angrily.
You hit the frilled lizard.
The frilled lizard is heavily wounded.
The frilled lizard bites you but does no damage.
The frilled lizard bites you.
You hit the frilled lizard.
You kill the frilled lizard!
No target in view!
No target in view!
You see here a +0 leather armour.
You now have 24 gold pieces (gained 9).
An endoplasm comes into view.
You barely miss the endoplasm. The endoplasm freezes you.
You are frozen.
You barely miss the endoplasm. The endoplasm hits you.
The endoplasm freezes you.
You are frozen!
You feel a terrible chill!
* * * LOW HITPOINT WARNING * * *
You are too injured to fight recklessly!
You are too injured to fight recklessly!
You hit the endoplasm but do no damage. The endoplasm freezes you.
You are frozen.
You feel a terrible chill!
* * * LOW HITPOINT WARNING * * *
You hit the endoplasm.
The endoplasm is almost dead.
The endoplasm freezes you.
You are frozen.
You feel a terrible chill!
* * * LOW HITPOINT WARNING * * *
The endoplasm hits you but does no damage.
You hit the endoplasm but do no damage.
The endoplasm is almost dead.
The endoplasm freezes you.
You are frozen!
You feel a terrible chill!
You die...

.#############.#
...[....# #.#
#######.# #.#
#.######.#
#........#
########.# #.#
#.#########
#..@J......
.......#########
########


You could see an endoplasm.

Vanquished Creatures
  A dart slug (D:1)
  A giant cockroach (D:1)
  2 goblins (D:1)
  A hobgoblin (D:1)
  A quokka (D:1)
  A bat (D:1)
  A frilled lizard (D:1)
  2 kobolds (D:1)
  A rat (D:1)
11 creatures vanquished.

Notes
Turn   | Place    | Note
-------+----------+-------------------------------------------
     0 | D:1      | BIGROY the Gargoyle Fighter began the quest for the Orb.
     0 | D:1      | Reached XP level 1. HP: 14/14 MP: 1/1
   168 | D:1      | Reached XP level 2. HP: 19/19 MP: 2/2
   373 | D:1      | Frozen to death by an endoplasm

Illustrated notes

Levels and vault maps discovered:
D:1:      amcnicky_arrival_abandoned_market, layout_loops_ring

Skill      XL: |  1 |
---------------+----+-----
Axes           | 2 |  2.0
Fighting       | |  3.5
Armour         | |  3.5
Shields        | |  3.4

Action                     || total
---------------------------++-------
  Melee: War axe           ||    34
 Armour: Scale mail        ||    17
         Fire dragon scale ||    10
  Dodge: Dodged            ||     6
  Block: Buckler           ||     6

Table legend: (Time is in decaauts)
 A = Elapsed time spent in this place.
 B = Non-inter-level travel time spent in this place.
 C = Inter-level travel time spent in this place.
 D = Time resting spent in this place.
 E = Time spent auto-exploring this place.
 F = Levels seen in this place.
 G = Mean time per level.
                   A        B        C        D        E       F      G
               +--------+--------+--------+--------+--------+-----+--------+
         Total |    387 |    387 |      0 |      0 |    267 |   1 |  387.0 |
       Dungeon |    387 |    387 |      0 |      0 |    267 |   1 |  387.0 |
               +--------+--------+--------+--------+--------+-----+--------+

Top non-repeatable levels by time:
     D:1: 387 daAuts
